[Event "Titled Tuesday Blitz November 29 Early 2022"]
[White "Chernov, Mikhail"]
[Black "Korchmar, Vasiliy"]
[WhiteFideId "24143170"]
[BlackFideId "24131750"]
[WhiteElo "2113"]
[BlackElo "2370"]
[Result "1-0"]
[Round "05"]
[TimeControl "180+1"]
[Date "2022.11.30"]
[WhiteClock "0:00:04"]
[BlackClock "0:00:01"]

1. e4 c5 2. Nf3 d6 3. d4 cxd4 4. Nxd4 Nf6 5. Nc3 Nc6 6. Bc4 Qb6 7. Nxc6 bxc6 8. O-O g6 9. Be3 Qc7 10. Kh1 Bg7 11. f4 O-O 12. Bb3 Rd8 13. Qf3 c5 14. Nd5 Nxd5 15. Bxd5 Bb7 16. f5 Bxd5 17. exd5 Rf8 18. Rab1 Rab8 19. b3 c4 20. Qe4 c3 21. Rbe1 a5 22. a3 Rfe8 23. Bd4 Bxd4 24. Qxd4 Rbc8 25. Qf4 Rf8 26. Rf3 Qc5 27. Rd3 f6 28. fxg6 hxg6 29. Rxe7 Rce8 30. Qe4 Rxe7 31. Qxe7 Qf2 32. Qe6+ Kg7 33. Qe3 Qxc2 34. Rxc3 Qd1+ 35. Qg1 Qxd5 36. Rc7+ Rf7 37. Rxf7+ Kxf7 38. h3 Qxb3 39. Qa7+ Ke6 40. Qxa5 Qd1+ 41. Kh2 d5 42. Qb6+ Ke5 43. a4 d4 44. a5 d3 45. a6 d2 46. Qe3+ Kd6 47. a7 Qc1 48. Qd4+ Ke7 49. a8=Q d1=Q 50. Qb7+ Kf8 51. Qxf6+ 1-0


[Site "https://www.chess.com"]

[Event "Titled Tuesday Blitz November 29 Early 2022"]
[White "Costachi, Mihnea"]
[Black "Aarav Dengla"]
[WhiteFideId "1217518"]
[BlackFideId "45059756"]
[WhiteElo "2424"]
[BlackElo "2261"]
[Result "1-0"]
[Round "05"]
[TimeControl "180+1"]
[Date "2022.11.30"]
[WhiteClock "0:00:33"]
[BlackClock "0:00:02"]

1. d4 d5 2. Nf3 e6 3. g3 c5 4. Bg2 Nc6 5. O-O Nf6 6. c4 dxc4 7. Qa4 cxd4 8. Nxd4 Qxd4 9. Bxc6+ Bd7 10. Rd1 Bxc6 11. Qxc6+ bxc6 12. Rxd4 c5 13. Rxc4 Nd5 14. Nc3 Nb6 15. Re4 O-O-O 16. a4 Nd5 17. Bg5 f6 18. Bd2 e5 19. Nxd5 Rxd5 20. Be3 Be7 21. Rc4 Kd7 22. Rac1 Rb8 23. R1c2 Rb4 24. Kg2 a5 25. f3 Rxc4 26. Rxc4 Kc6 27. b3 Rd1 28. Bc1 Rd7 29. Kf2 Rb7 30. Rc3 Rd7 31. Ke1 h5 32. e4 Rb7 33. Bd2 Kb6 34. Be3 Kc6 35. Kd2 Rb4 36. Kc2 Rb7 37. Bd2 Kb6 38. Rd3 Ka6 39. Kc3 Rc7 40. Kc4 Rb7 41. Rd5 Rc7 42. h4 Rb7 43. g4 g6 44. Be3 Rb4+ 45. Kc3 Rb7 46. gxh5 gxh5 47. Bxc5 Rc7 48. b4 axb4+ 49. Kxb4 Rb7+ 50. Ka3 Bxc5+ 51. Rxc5 Rb6 52. Rd5 Rc6 53. Kb4 Re6 54. a5 Rc6 55. Rc5 Rd6 56. Kc4 Rd4+ 57. Kc3 Rd6 58. Kc2 Re6 59. Rd5 Rc6+ 60. Kd3 Re6 61. Ke3 Rc6 62. Kd2 Re6 63. Rc5 Rd6+ 64. Ke3 Re6 65. f4 Ka7 66. Rc7+ Ka6 67. Rh7 Kxa5 68. Rxh5 Kb6 69. Rh6 1-0


[Site "https://www.chess.com"]

[Event "Titled Tuesday Blitz November 29 Early 2022"]
[White "Csonka, Balazs"]
[Black "Pranav, V"]
[WhiteFideId "742910"]
[BlackFideId "25060783"]
[WhiteElo "2715"]
[BlackElo "3003"]
[Result "1/2-1/2"]
[Round "05"]
[TimeControl "180+1"]
[Date "2022.11.30"]
[WhiteClock "0:00:07"]
[BlackClock "0:00:04"]

1. e4 e5 2. Nf3 Nc6 3. Bb5 a6 4. Ba4 d6 5. O-O Bd7 6. Nc3 g6 7. d4 Bg7 8. Bxc6 Bxc6 9. dxe5 dxe5 10. Qe2 Qe7 11. Rd1 Nf6 12. Bg5 O-O 13. Nd5 Bxd5 14. Rxd5 c6 15. Rd3 Qe6 16. b3 Rad8 17. Rad1 Rxd3 18. Qxd3 h6 19. Bc1 Qe7 20. Bb2 Nh5 21. Qd6 Qxd6 22. Rxd6 Nf6 23. Nd2 Re8 24. f3 Bf8 25. Rd3 Bc5+ 26. Kf1 b5 27. Ke2 Bf8 28. c4 Nh5 29. g3 Nf6 30. Bc3 h5 31. Ba5 Bc5 32. Rd8 Rxd8 33. Bxd8 Nd7 34. Kd3 Bg1 35. h3 f6 36. g4 h4 37. Ba5 Kf7 38. Ke2 Nc5 39. Bb6 Bd4 40. Bxc5 Bxc5 41. Kd3 Ke6 42. Ke2 Kd6 43. Kd3 Bb4 44. Nb1 Be1 45. Nc3 Kc5 46. cxb5 axb5 47. a4 Kb4 48. axb5 cxb5 49. Nd5+ Kxb3 50. Nxf6 b4 51. Nd7 Bc3 52. Nc5+ Kb2 53. Na4+ Kb3 54. Nc5+ Ka3 55. Kc2 Bd4 56. Nb3 Be3 57. Na1 Ka4 58. Nb3 Bf4 59. Na1 Kb5 60. Kd3 Ka4 61. Kc2 Be3 62. Nb3 Bf2 63. Na1 Be1 64. Nb3 Bc3 65. Nc1 Ka3 66. Nb3 g5 67. Nc5 Bd4 68. Nb3 Ka2 69. Nc1+ Ka3 70. Nb3 Be3 71. Na1 Ka2 72. Nb3 Bf4 73. Na5 Ka3 74. Nb3 Ka4 75. Na1 Kb5 76. Kd3 Bc1 77. Nb3 Bb2 78. Nd2 Bc3 79. Nb3 Be1 80. Nc1 Bf2 81. Nb3 Bb6 82. Nc1 Ka4 83. Kc2 Kb5 84. Kd3 Ka4 85. Kc2 Be3 86. Nb3 Ka3 87. Na1 Ka2 88. Nb3 Bd4 89. Na5 Bc3 90. Nb3 Bb2 91. Na5 Bd4 92. Nb3 Be3 93. Na5 Bf4 94. Nb3 Ka3 95. Nc5 Be3 96. Nb3 Bb6 97. Nc1 Bd4 98. Nb3 1/2-1/2


[Site "https://www.chess.com"]

[Event "Titled Tuesday Blitz November 29 Early 2022"]
[White "D`Arruda, Ricardo D."]
[Black "Shapiro, Daniel"]
[WhiteFideId "100692"]
[BlackFideId "2001780"]
[WhiteElo "2463"]
[BlackElo "2326"]
[Result "1-0"]
[Round "05"]
[TimeControl "180+1"]
[Date "2022.11.30"]
[WhiteClock "0:01:16"]
[BlackClock "0:00:02"]

1. d4 Nf6 2. Nf3 b6 3. Nc3 Bb7 4. Bg5 Ne4 5. Nxe4 Bxe4 6. e3 g6 7. Bd3 Bb7 8. e4 Bg7 9. O-O O-O 10. Qe2 d6 11. Rfe1 f6 12. Be3 e5 13. c3 Nc6 14. Qd2 Ne7 15. Bh6 Qd7 16. Bxg7 Kxg7 17. h3 h6 18. Rad1 Rad8 19. Bc4 Qe8 20. Nh2 h5 21. f4 Bxe4 22. dxe5 d5 23. exf6+ Kxf6 24. Qd4+ 1-0


[Site "https://www.chess.com"]

[Event "Titled Tuesday Blitz November 29 Early 2022"]
[White "Danielyan, Vahe"]
[Black "Gadimbayli, Abdulla"]
[WhiteFideId "13304828"]
[BlackFideId "13404938"]
[WhiteElo "2423"]
[BlackElo "2399"]
[Result "0-1"]
[Round "05"]
[TimeControl "180+1"]
[Date "2022.11.30"]
[WhiteClock "0:00:14"]
[BlackClock "0:00:45"]

1. Nf3 d5 2. b4 Nf6 3. Bb2 g6 4. e3 Bg7 5. a3 O-O 6. Be2 Nbd7 7. O-O c5 8. d3 b6 9. Nbd2 Bb7 10. c4 e6 11. cxd5 exd5 12. Rc1 Re8 13. Qb3 Rb8 14. Qa2 Qe7 15. Qa1 Ba6 16. Nb3 d4 17. Nfxd4 cxd4 18. Nxd4 Ne5 19. b5 Bb7 20. h3 Nd5 21. Nc6 Nxc6 22. bxc6 Bxb2 23. Qxb2 Ba6 24. Rfd1 Nxe3 25. fxe3 Qxe3+ 26. Kf1 Re6 27. c7 Rbe8 28. Bf3 Bxd3+ 29. Rxd3 Qxd3+ 30. Kg1 Re1+ 31. Rxe1 Rxe1+ 32. Kf2 Rf1+ 33. Kg3 Qd6+ 34. Kg4 Qxc7 35. Qe2 Rc1 36. Bd5 Qd7+ 37. Kg5 Qxd5+ 38. Kh6 Qh5+ 0-1


[Site "https://www.chess.com"]

[Event "Titled Tuesday Blitz November 29 Early 2022"]
[White "De Souza, Cristiano Gomes"]
[Black "Vaibhav, Suri"]
[WhiteFideId "2151758"]
[BlackFideId "5045185"]
[WhiteElo "2068"]
[BlackElo "2510"]
[Result "0-1"]
[Round "05"]
[TimeControl "180+1"]
[Date "2022.11.30"]
[WhiteClock "0:01:32"]
[BlackClock "0:01:25"]

1. d4 Nf6 2. c4 g6 3. Nc3 Bg7 4. e4 d6 5. Nf3 O-O 6. Be2 e5 7. O-O Bg4 8. Be3 Bxf3 9. Bxf3 exd4 10. Bxd4 Nc6 11. Be3 Re8 12. a3 a5 13. Qc2 Qd7 14. Nd5 Nxd5 15. cxd5 Nd4 16. Bxd4 Bxd4 17. Rac1 Bc5 18. b4 axb4 19. axb4 Bb6 20. Qc3 Ra2 21. Ra1 Rea8 22. Rxa2 Rxa2 23. e5 dxe5 24. Qxe5 Qd6 25. Qe8+ Kg7 26. Qc8 Qxb4 27. d6 Rxf2 0-1


[Site "https://www.chess.com"]

[Event "Titled Tuesday Blitz November 29 Early 2022"]
[White "Deac, Bogdan-Daniel"]
[Black "Shimanov, Aleksandr"]
[WhiteFideId "1226380"]
[BlackFideId "4198603"]
[WhiteElo "3048"]
[BlackElo "2870"]
[Result "1/2-1/2"]
[Round "05"]
[TimeControl "180+1"]
[Date "2022.11.30"]
[WhiteClock "0:00:07"]
[BlackClock "0:00:02"]

1. d4 e6 2. c4 c5 3. d5 d6 4. e4 g6 5. Nc3 Bg7 6. h3 Bxc3+ 7. bxc3 e5 8. a4 a5 9. Ne2 Qe7 10. Ng3 Nd7 11. Rb1 h5 12. h4 f6 13. Be2 Nh6 14. Nf1 Kd8 15. f3 Kc7 16. Be3 Qg7 17. Qd2 Nb6 18. Qb2 Ra6 19. Nd2 Qe7 20. Qa3 Bd7 21. O-O g5 22. hxg5 fxg5 23. Rb3 Nc8 24. Rfb1 b6 25. Nf1 g4 26. f4 exf4 27. Bxf4 Nf7 28. Ne3 Qxe4 29. Rf1 h4 30. Qc1 h3 31. Qd2 hxg2 32. Nxg2 Ne5 33. Qe3 Qxe3+ 34. Nxe3 Re8 35. Bg3 Bxa4 36. Ra3 Bd7 37. Rf6 Nf3+ 38. Kf2 Nd2 39. Bd3 Ne4+ 40. Bxe4 Rxe4 41. Rf7 Re7 42. Rf6 a4 43. Ng2 Re4 44. Ne3 b5 45. cxb5 Bxb5 46. Rf7+ Bd7 47. Nf5 Rb6 48. Ra2 Rb3 49. Ng7 a3 50. Ne6+ Kb6 51. Ra1 Rb2+ 52. Kg1 Bb5 53. Rf8 Na7 54. Rb8+ Ka5 55. Ra8 Kb6 56. Rb8+ Ka5 57. Rxa3+ Ra4 58. Rxa4+ Kxa4 59. c4 Rb1+ 60. Kg2 Rb2+ 61. Bf2 g3 62. Kxg3 Rb3+ 63. Kh4 Bxc4 64. Ra8 Rb7 65. Nxc5+ dxc5 66. Bxc5 Rh7+ 67. Kg5 Kb5 68. Rxa7 Rxa7 69. Bxa7 Bxd5 1/2-1/2


[Site "https://www.chess.com"]

[Event "Titled Tuesday Blitz November 29 Early 2022"]
[White "Dehtiarov, Roman"]
[Black "Blokhin, Sofia"]
[WhiteFideId "14186640"]
[BlackFideId "4508190"]
[WhiteElo "2200"]
[BlackElo "2005"]
[Result "1-0"]
[Round "05"]
[TimeControl "180+1"]
[Date "2022.11.30"]
[WhiteClock "0:01:21"]
[BlackClock "0:00:06"]

1. e4 c5 2. Nc3 e6 3. f4 d5 4. Nf3 d4 5. Bb5+ Bd7 6. Bxd7+ Nxd7 7. Nb1 Qc7 8. d3 e5 9. fxe5 Nxe5 10. O-O Bd6 11. g3 Nf6 12. Nbd2 b5 13. a4 bxa4 14. Nxe5 Bxe5 15. Qf3 Rb8 16. Nc4 Rb4 17. Bd2 Rxc4 18. dxc4 Qc6 19. Bf4 Bxf4 20. Qxf4 O-O 21. e5 Nd7 22. Rae1 Qe6 23. Qf5 Re8 24. Qxe6 Rxe6 25. Ra1 Ra6 26. b3 a3 27. Ra2 Nxe5 28. Rfa1 d3 29. cxd3 Nxd3 30. Rxa3 Re6 31. Rxa7 h6 32. Rf1 Re2 33. Rfxf7 Rb2 34. Rxg7+ Kf8 35. Rgf7+ Ke8 36. Rae7+ Kd8 37. Rd7+ Ke8 38. Rxd3 Kxf7 39. Rd5 Rxb3 40. Kg2 Rc3 41. Rxc5 Ke6 42. Rc6+ Kf5 43. Rxh6 Rxc4 44. Kh3 Rc3 45. Ra6 Rc2 46. Ra5+ Kg6 47. g4 Rc3+ 48. Kh4 Rc2 49. h3 Rc6 50. Rg5+ Kh6 51. Ra5 Kg6 52. Ra3 Kh6 53. Kg3 Kg6 54. h4 Kh6 55. Rb3 Kg6 56. h5+ Kh6 57. Kh4 Rc4 58. Rb6+ Kg7 59. h6+ Kh7 60. Kh5 Rc5+ 61. g5 Rd5 62. Rb7+ Kg8 63. Kg4 Rd4+ 64. Kf5 Rd5+ 65. Kf6 Rd6+ 66. Ke5 Ra6 67. Rd7 Ra5+ 68. Kf4 Ra4+ 69. Kf5 Ra5+ 70. Kg4 Ra4+ 71. Kh5 Ra5 72. Re7 Rb5 73. Kg6 Rb6+ 74. Kf5 Rb5+ 75. Kf6 Rb6+ 76. Re6 Rb5 77. Re8+ Kh7 78. g6+ Kxh6 79. Rh8# 1-0


[Site "https://www.chess.com"]

[Event "Titled Tuesday Blitz November 29 Early 2022"]
[White "Devaev, Alexander"]
[Black "Ismayil, Malak"]
[WhiteFideId "4169395"]
[BlackFideId "13412604"]
[WhiteElo "2225"]
[BlackElo "1879"]
[Result "0-1"]
[Round "05"]
[TimeControl "180+1"]
[Date "2022.11.30"]
[WhiteClock "0:00:12"]
[BlackClock "0:00:03"]

1. d4 Nf6 2. c4 g6 3. Nc3 Bg7 4. e4 O-O 5. Nf3 d6 6. h3 Nc6 7. Bg5 h6 8. Be3 e5 9. d5 Ne7 10. g4 c6 11. Rg1 Ne8 12. h4 cxd5 13. cxd5 a6 14. h5 g5 15. Nd2 b5 16. a3 Bd7 17. b4 Nf6 18. f3 Rc8 19. Rc1 Qe8 20. Nb3 Rc7 21. Be2 Qc8 22. Qd2 Qb8 23. Kf2 Rfc8 24. Na2 Bxg4 25. Rxg4 Nxg4+ 26. fxg4 Rxc1 27. Naxc1 Qc7 28. Na5 Kf8 29. Bd3 Qd7 30. Kf3 Ng8 31. Kg3 Nf6 32. Qe2 Rc3 33. Nab3 Qc8 34. Bd2 Rc7 35. Qd1 Qa8 36. Qf3 Re7 37. Na5 Qe8 38. Nc6 Rc7 39. Nb3 Ng8 40. Qe3 Ne7 41. Nba5 Nxc6 42. Nxc6 Qa8 43. Be2 Rc8 44. Bf3 Qb7 45. Qb3 Bf6 46. Be3 Kg7 47. a4 Bd8 48. a5 Bf6 49. Qd3 Rc7 50. Be2 Rc8 51. Bd1 Bd8 52. Bb3 Bf6 53. Qe2 Rc7 54. Qf2 Rc8 55. Qf5 Rc7 56. Bb6 Rc8 57. Qf3 Re8 58. Qd3 Ra8 59. Qf1 Qd7 60. Bc2 Qb7 61. Bd3 Qd7 62. Qf3 Qb7 63. Qf5 Rc8 64. Be2 Re8 65. Qf1 Rc8 66. Kf3 Ra8 67. Bd3 Re8 68. Bxb5 axb5 69. Qxb5 Ra8 70. a6 Rxa6 71. Qc4 Rxb6 72. Na5 Rxb4 73. Qc6 Qb5 74. Qxb5 Rxb5 75. Nc6 Rb3+ 76. Kf2 Kf8 77. Na5 Rb2+ 78. Kf3 Ra2 79. Nc4 Be7 80. Nb6 Ra3+ 81. Kf2 Bd8 82. Nc4 Ra6 83. Ne3 Bb6 84. Kf3 Ra3 0-1


[Site "https://www.chess.com"]

[Event "Titled Tuesday Blitz November 29 Early 2022"]
[White "Dilanyan, Grigor"]
[Black "Putnam, Liam"]
[WhiteFideId "13303570"]
[BlackFideId "30938279"]
[WhiteElo "2229"]
[BlackElo "2082"]
[Result "1-0"]
[Round "05"]
[TimeControl "180+1"]
[Date "2022.11.30"]
[WhiteClock "0:00:03"]
[BlackClock "0:00:01"]

1. e4 e6 2. d4 d5 3. exd5 exd5 4. Nf3 Nc6 5. Bd3 Bd6 6. O-O Nge7 7. Bg5 f6 8. Bh4 O-O 9. Nc3 Nb4 10. Be2 Bf5 11. Rc1 Bf4 12. Nd2 Nbc6 13. g3 Bh6 14. g4 Be6 15. Nb3 Bxc1 16. Qxc1 Qd7 17. h3 b6 18. Bg3 Rae8 19. f4 f5 20. g5 Bf7 21. Qd2 Nc8 22. Bb5 Nd6 23. Ba4 Nc4 24. Qc1 Re3 25. Kg2 Rfe8 26. Bf2 R3e7 27. Nd2 Ne3+ 28. Bxe3 Rxe3 29. Nf3 Rxf3 30. Rxf3 a6 31. Bxc6 Qxc6 32. Re3 h6 33. h4 b5 34. a3 a5 35. Qd2 Rxe3 36. Qxe3 b4 37. axb4 axb4 38. Ne2 hxg5 39. fxg5 Qxc2 40. Kg3 Qxb2 41. Nf4 Qa3 42. Kf2 Kf8 43. Qe5 Qa2+ 44. Kg3 Qb3+ 45. Kh2 Qc2+ 46. Kg3 b3 47. g6 Qe4 48. Qxc7 Qe3+ 49. Kh2 Qf2+ 50. Kh3 Qe3+ 51. Kg2 Be8 52. Qd6+ Kg8 53. Ne6 Qe2+ 54. Kg3 Qg4+ 55. Kf2 Qxh4+ 56. Ke2 Qf6 57. Kd2 Bxg6 58. Qb8+ Kh7 59. Qh2+ Kg8 60. Qb8+ Kf7 61. Nd8+ Ke8 62. Nc6+ Kd7 63. Ne5+ Ke6 64. Qc8+ Ke7 65. Qc7+ Kf8 66. Qc8+ Be8 67. Nd7+ Kf7 68. Nxf6 gxf6 69. Qc7+ Ke6 70. Qb6+ Ke7 71. Kc3 f4 72. Kb2 f3 73. Qc5+ Ke6 74. Qc3 Bh5 75. Qe3+ Kf5 76. Kxb3 Kg4 77. Qf2 f5 78. Kb4 Kf4 79. Kc5 Ke4 80. Qe1+ Kf4 81. Kxd5 Bf7+ 82. Kd6 Bc4 83. Qe5+ Kg4 84. Qg7+ Kf4 85. Qh6+ Kg3 86. Qg5+ Kf2 87. Qxf5 Kg2 88. Qg6+ Kf1 89. Qb1+ Kg2 90. Qg6+ Kf1 91. Qc2 Be2 92. d5 f2 93. Ke5 Bg4 94. Qe4 Bd7 95. Qh7 Kg1 96. Qg7+ 1-0


[Site "https://www.chess.com"]

[Event "Titled Tuesday Blitz November 29 Early 2022"]
[White "Donskov, Anatoly"]
[Black "Sellitti, Federico"]
[WhiteFideId "24143413"]
[BlackFideId "821829"]
[WhiteElo "2219"]
[BlackElo "2597"]
[Result "0-1"]
[Round "05"]
[TimeControl "180+1"]
[Date "2022.11.30"]
[WhiteClock "0:00:02"]
[BlackClock "0:00:43"]

1. e4 c5 2. Nf3 Nf6 3. Nc3 d5 4. exd5 Nxd5 5. Bc4 Nxc3 6. bxc3 e6 7. O-O Be7 8. d4 O-O 9. Qe2 Bf6 10. Rd1 Qc7 11. Bd3 Nc6 12. h4 Rd8 13. Bg5 Bxg5 14. Bxh7+ Kxh7 15. Nxg5+ Kg8 16. Qh5 cxd4 17. cxd4 Qf4 18. Rd3 Qf5 19. Rf3 Qg6 20. Qxg6 fxg6 21. c3 e5 22. Re1 exd4 23. cxd4 Nxd4 24. Rf7 Nc6 25. Re3 Bd7 26. Kh2 b5 27. Rd3 Ne5 0-1


[Site "https://www.chess.com"]

[Event "Titled Tuesday Blitz November 29 Early 2022"]
[White "Drozdowski, Kacper"]
[Black "Terzi, Alexei"]
[WhiteFideId "1136720"]
[BlackFideId "13505076"]
[WhiteElo "2485"]
[BlackElo "2172"]
[Result "0-1"]
[Round "05"]
[TimeControl "180+1"]
[Date "2022.11.30"]
[WhiteClock "0:00:07"]
[BlackClock "0:00:14"]

1. e4 c5 2. Nf3 Nc6 3. Nc3 g6 4. Bb5 Bg7 5. O-O e5 6. Nd5 Nge7 7. c3 O-O 8. d4 cxd4 9. cxd4 Nxd5 10. exd5 Nxd4 11. Nxd4 exd4 12. Qf3 d6 13. Re1 Bd7 14. Bd3 Re8 15. Rxe8+ Bxe8 16. Bf4 Qb6 17. Qe2 Bf6 18. Re1 Bd7 19. Qd2 Re8 20. Rc1 Rc8 21. Rxc8+ Bxc8 22. b4 Bd7 23. a3 Qc7 24. Kf1 Be5 25. Bh6 f5 26. h4 Be8 27. h5 Qc3 28. hxg6 hxg6 29. Qxc3 dxc3 30. Ke2 Ba4 31. Be3 a6 32. f4 Bf6 33. Bb6 Bb3 34. Bc7 Bxd5 35. g3 Be7 36. Kd1 Bb3+ 37. Bc2 Bxc2+ 38. Kxc2 Kf7 39. Kxc3 Ke6 40. Kc4 b5+ 41. Kd3 Bf6 42. Bb6 Kd5 43. Be3 Bb2 44. Bd2 Bd4 45. Be1 Bf6 46. Bd2 Be7 47. Bc3 g5 48. Bd4 gxf4 49. gxf4 Bh4 50. Bc3 Bg3 51. Bd2 Bf2 52. Bc3 Bg1 53. Bb2 Bb6 54. Bc3 Bc7 55. Bb2 a5 56. bxa5 Bxa5 57. Bd4 Be1 58. Be3 Bh4 59. Bd2 Bf6 60. Bc1 Bg7 61. Bd2 Bd4 62. Bc1 Bc5 63. Bb2 Kc6 64. Bc1 Kb6 65. Kc3 Ka5 66. Kb3 Ka6 67. Bd2 Kb7 68. Bc1 Kc6 69. Kc3 Kd5 70. Kd3 Ke6 71. Bb2 Kf7 72. Bc1 Kg6 73. Ke2 Kh5 74. Kf3 Kh4 75. Bb2 Kh3 76. Bc1 Kh2 77. Bb2 Kg1 78. Kg3 Kf1 79. Kh4 d5 80. Kg5 d4 81. Kxf5 d3 82. Bc3 Bxa3 83. Ke4 Ke2 84. f5 b4 0-1


[Site "https://www.chess.com"]

[Event "Titled Tuesday Blitz November 29 Early 2022"]
[White "Dudzinski, Pawel"]
[Black "Malyi, Viacheslav"]
[WhiteFideId "1117890"]
[BlackFideId "14123983"]
[WhiteElo "2086"]
[BlackElo "2291"]
[Result "1-0"]
[Round "05"]
[TimeControl "180+1"]
[Date "2022.11.30"]
[WhiteClock "0:00:59"]
[BlackClock "0:01:03"]

1. e4 e5 2. Nc3 Nf6 3. g3 d5 4. exd5 Nxd5 5. Bg2 Nxc3 6. bxc3 Bd6 7. Nf3 O-O 8. O-O c6 9. Re1 Re8 10. d4 exd4 11. Rxe8+ Qxe8 12. cxd4 Bg4 13. Rb1 Qc8 14. c4 Nd7 15. Be3 Qc7 16. Qb3 Rb8 17. c5 Be7 18. Bf4 Qc8 19. Bxb8 Qxb8 20. Qxb7 Qd8 21. Qxa7 h5 22. Ne5 Nxe5 23. Rb8 Bc8 24. dxe5 Kh7 25. Rxc8 Qxc8 26. Qxe7 Qf5 27. Bxc6 Qxe5 28. Qxe5 1-0


[Site "https://www.chess.com"]

[Event "Titled Tuesday Blitz November 29 Early 2022"]
[White "Durarbayli, Vasif"]
[Black "Sukandar, Irine Kharisma"]
[WhiteFideId "13402935"]
[BlackFideId "7101937"]
[WhiteElo "2586"]
[BlackElo "2301"]
[Result "1-0"]
[Round "05"]
[TimeControl "180+1"]
[Date "2022.11.30"]
[WhiteClock "0:00:22"]
[BlackClock "0:00:05"]

1. e4 e5 2. Nf3 d6 3. Bc4 Be7 4. O-O Nf6 5. d3 O-O 6. Re1 Be6 7. Nbd2 Nc6 8. c3 Bxc4 9. Nxc4 Qd7 10. b4 Rae8 11. a4 Kh8 12. Be3 Ng4 13. b5 Nd8 14. Bxa7 f5 15. h3 Nf6 16. exf5 Qxf5 17. a5 Nh5 18. Be3 Ne6 19. Ncd2 Qxd3 20. Qb1 Nhf4 21. Qxd3 Nxd3 22. Reb1 Ra8 23. a6 Ndc5 24. Nb3 Nxb3 25. Rxb3 Rfb8 26. Rba3 bxa6 27. Rxa6 Rxa6 28. bxa6 Nd8 29. a7 Ra8 30. Rb1 Nc6 31. Rb7 Bd8 32. Ng5 1-0


[Site "https://www.chess.com"]

[Event "Titled Tuesday Blitz November 29 Early 2022"]
[White "Dushyant Sharma"]
[Black "Corrales Jimenez, Fidel"]
[WhiteFideId "25065130"]
[BlackFideId "3506690"]
[WhiteElo "2270"]
[BlackElo "2541"]
[Result "0-1"]
[Round "05"]
[TimeControl "180+1"]
[Date "2022.11.30"]
[WhiteClock "0:01:05"]
[BlackClock "0:01:28"]

1. e4 c5 2. Nf3 d6 3. d4 cxd4 4. Nxd4 Nf6 5. Nc3 a6 6. f4 Qc7 7. Nf3 Nbd7 8. Bd3 g6 9. a4 Bg7 10. O-O O-O 11. Kh1 Nc5 12. Qe1 b6 13. Bd2 Bb7 14. b4 Nxd3 15. cxd3 Rac8 16. Rc1 Qd7 17. Qf2 b5 18. axb5 axb5 19. Qb6 Rc6 20. Qf2 Rfc8 21. Nd4 Ng4 22. Qg1 Ra6 23. h3 Nf6 24. Ndxb5 d5 25. e5 d4 26. exf6 dxc3 27. fxg7 cxd2 28. Rxc8+ Qxc8 29. Kh2 d1=Q 30. Rxd1 Ra2 31. Qb6 0-1


[Site "https://www.chess.com"]

[Event "Titled Tuesday Blitz November 29 Early 2022"]
[White "Dzhaparov, Medet"]
[Black "Grabinsky, Vladimir"]
[WhiteFideId "13803689"]
[BlackFideId "14107074"]
[WhiteElo "1702"]
[BlackElo "2198"]
[Result "0-1"]
[Round "05"]
[TimeControl "180+1"]
[Date "2022.11.30"]
[WhiteClock "0:00:47"]
[BlackClock "0:00:11"]

1. e4 c5 2. Nf3 Nc6 3. d4 cxd4 4. Nxd4 e5 5. Nb5 d6 6. N1c3 a6 7. Na3 b5 8. Nd5 Nge7 9. Bg5 f6 10. Bh4 Nxd5 11. Qxd5 Bb7 12. c3 Ne7 13. Qd3 Ng6 14. Bg3 Be7 15. Be2 O-O 16. O-O Qd7 17. h3 f5 18. Bf3 f4 19. Bh2 Nh4 20. Bg4 Qc6 21. Rfe1 Rf6 22. Bf3 Rg6 23. Kh1 Rf8 24. Nc2 Rg5 25. Nb4 Qb6 26. Rad1 Qxf2 27. Re2 Qb6 28. Nd5 Bxd5 29. Qxd5+ Kh8 30. Bg1 Qb8 31. Rf1 Qc8 32. Rd2 Rg3 33. Bh2 Nxf3 34. Bxg3 Nxd2 35. Qxd2 fxg3 36. Rg1 Rf2 37. Qe3 Qxh3+ 0-1


[Site "https://www.chess.com"]

[Event "Titled Tuesday Blitz November 29 Early 2022"]
[White "Estrada Nieto, Julian"]
[Black "Havas, Ladislav"]
[WhiteFideId "5101018"]
[BlackFideId "14501090"]
[WhiteElo "2221"]
[BlackElo "2199"]
[Result "1/2-1/2"]
[Round "05"]
[TimeControl "180+1"]
[Date "2022.11.30"]
[WhiteClock "0:00:08"]
[BlackClock "0:01:06"]

1. e4 Nf6 2. e5 Nd5 3. d4 d6 4. Nf3 Bg4 5. Be2 c6 6. O-O Bxf3 7. Bxf3 dxe5 8. dxe5 e6 9. Qe2 Nd7 10. Nd2 Qc7 11. Re1 Ne7 12. Nc4 Ng6 13. a4 a5 14. g3 Be7 15. Bg2 O-O 16. h4 Rfd8 17. h5 Ngf8 18. h6 g6 19. Qg4 Rab8 20. Bg5 f6 21. exf6 Nxf6 22. Qh4 Nd5 23. Bxd5 Bxg5 24. Rxe6 cxd5 25. Qxg5 Nxe6 26. Qf6 Qf7 27. Qxf7+ Kxf7 28. Nxa5 Rdc8 29. c3 b6 30. Nb3 d4 31. cxd4 Rc2 32. d5 Ng5 33. Nd4 Rxb2 34. Rc1 Rd2 35. Rc7+ Kg8 36. Nc6 Rf8 37. f4 Nf3+ 38. Kf1 Re8 39. Ne7+ Kf8 40. d6 Rxd6 41. Kf2 Rxe7 42. Rc8+ Kf7 43. Kxf3 Re8 44. Rc7+ Re7 45. Rc8 Rd3+ 46. Kg4 Ree3 47. Rc7+ Kf6 48. Rc6+ Ke7 49. f5 Rxg3+ 50. Kf4 Rgf3+ 51. Ke4 Rde3+ 52. Kd4 Rd3+ 53. Ke4 Rfe3+ 54. Kf4 Rf3+ 55. Ke4 1/2-1/2


[Site "https://www.chess.com"]

[Event "Titled Tuesday Blitz November 29 Early 2022"]
[White "Fawzy, Adham"]
[Black "Mohamed Anees M"]
[WhiteFideId "10613129"]
[BlackFideId "35065815"]
[WhiteElo "2541"]
[BlackElo "2135"]
[Result "1/2-1/2"]
[Round "05"]
[TimeControl "180+1"]
[Date "2022.11.30"]
[WhiteClock "0:00:13"]
[BlackClock "0:01:04"]

1. e4 c5 2. Nf3 Nc6 3. Bb5 g6 4. O-O Bg7 5. c3 Nf6 6. Re1 O-O 7. d4 d5 8. e5 Ne4 9. Bxc6 bxc6 10. Be3 Rb8 11. Qc1 Bg4 12. h3 Bf5 13. dxc5 Qd7 14. Kh2 Qe6 15. Bd4 h5 16. Nbd2 f6 17. exf6 Bxf6 18. Nxe4 Bxe4 19. Ng5 Qf5 20. Nxe4 dxe4 21. Be3 Bh4 22. Rf1 Bf6 23. Qc2 g5 24. f3 Be5+ 25. Kh1 exf3 26. Qxf5 Rxf5 27. Rxf3 Rxf3 28. gxf3 Rxb2 29. Bxg5 Kf7 30. Re1 Bf6 31. Bxf6 Kxf6 32. a4 Rb3 33. Re4 Rxc3 34. Rf4+ Kg6 35. Re4 Rxf3 36. Rxe7 Rxh3+ 37. Kg2 Rc3 38. Rxa7 Rxc5 39. Rc7 Kg5 40. a5 Rxa5 41. Rxc6 Ra2+ 42. Kh3 Ra3+ 43. Kh2 Rf3 44. Kg2 Rf5 45. Rc2 h4 46. Kh2 Ra5 47. Rg2+ Kf4 48. Re2 Kf3 49. Rc2 Kg4 50. Rc4+ Kg5 51. Rc2 Rd5 52. Rb2 Rd4 53. Rg2+ Kf4 54. Ra2 Kg4 55. Rg2+ Kf4 56. Ra2 Kf3 57. Ra3+ Kf4 58. Ra2 1/2-1/2


[Site "https://www.chess.com"]

[Event "Titled Tuesday Blitz November 29 Early 2022"]
[White "Fedoseev, Vladimir"]
[Black "Arabidze, Meri"]
[WhiteFideId "24130737"]
[BlackFideId "13604040"]
[WhiteElo "3016"]
[BlackElo "2679"]
[Result "1-0"]
[Round "05"]
[TimeControl "180+1"]
[Date "2022.11.30"]
[WhiteClock "0:02:12"]
[BlackClock "0:01:27"]

1. e4 c5 2. Nf3 e6 3. d4 cxd4 4. Nxd4 Nc6 5. Nc3 a6 6. Nxc6 bxc6 7. Bd3 d5 8. O-O Nf6 9. Qe2 Be7 10. b3 O-O 11. Bb2 Bb7 12. Rad1 Re8 13. Na4 Qc7 14. e5 Nd7 15. c4 g6 16. f4 Nc5 17. Nxc5 Bxc5+ 18. Kh1 a5 19. f5 exf5 20. Bxf5 dxc4 21. Qxc4 Ba6 22. Qxc5 Bxf1 23. Rd7 Qb8 24. e6 fxe6 25. Rg7+ Kh8 26. Re7+ 1-0


[Site "https://www.chess.com"]

[Event "Titled Tuesday Blitz November 29 Early 2022"]
[White "Fernandez, Michael"]
[Black "Floresvillar Gonzalez, Luis Migu"]
[WhiteFideId "5803560"]
[BlackFideId "5100542"]
[WhiteElo "2110"]
[BlackElo "2040"]
[Result "1-0"]
[Round "05"]
[TimeControl "180+1"]
[Date "2022.11.30"]
[WhiteClock "0:01:36"]
[BlackClock "0:00:01"]

1. e4 e6 2. d4 d5 3. Nc3 dxe4 4. Nxe4 Nd7 5. Nf3 Ngf6 6. Bd3 Nxe4 7. Bxe4 Be7 8. c3 O-O 9. O-O c5 10. Be3 cxd4 11. Nxd4 Nf6 12. Bf3 e5 13. Nb5 a6 14. Qxd8 Rxd8 15. Nc7 Rb8 16. Ba7 Bf5 17. Bxb8 Rxb8 18. Nd5 Nxd5 19. Bxd5 b5 20. Rad1 Kf8 21. Rfe1 f6 22. Be4 Be6 23. a3 Bb3 24. Rd7 Bc4 25. Bxh7 a5 26. Bg6 b4 27. axb4 axb4 28. cxb4 Rxb4 29. Ra1 Rb8 30. h4 1-0


[Site "https://www.chess.com"]